 Dungeon Crawl Stone Soup version 0.20.1-1-g8b1a95d (webtiles) character file.

219 renl the Slasher (level 5, -8/43 HPs)
             Began as a Barachi Fighter on July 14, 2017.
             Mangled by an orc wizard
             ... wielding a +1 dagger of electrocution
              (18 damage)
             ... on level 4 of the Dungeon.
             The game lasted 00:09:12 (2184 turns).

renl the Slasher (Barachi Fighter)                  Turns: 2184, Time: 00:09:12

Health: -8/43      AC: 16    Str: 18    XL:     5   Next: 96%
Magic:  5/5        EV:  5    Int: 11    God:
Gold:   111        SH:  9    Dex: 12    Spells: 4/4 levels left

rFire    . . .     SeeInvis .   a - +0 long sword
rCold    . . .     Gourm    .   c - +0 shield
rNeg     . . .     Faith    .   s - +0 chain mail (curse)
rPois    .         Spirit   .   n - +2 helmet
rElec    .         Reflect  .   u - +0 cloak
rCorr    .         Harm     .   j - +1 pair of gloves
MR       .....                  (no boots)
Stlth    ..........             (no amulet)
Regen    0.2/turn               q - +3 ring of intelligence
MPRegen  0.1/turn               (no ring)

@: invisible, slow
A: +LOS, swims, slowness 1, strong legs 1
a: Hop


You were on level 4 of the Dungeon.
You were hungry.

You visited 1 branch of the dungeon, and saw 4 of its levels.

You collected 111 gold pieces.

Inventory:

Hand Weapons
 a - a +0 long sword (weapon)
Armour
 c - a +0 shield (worn)
 j - a +1 pair of gloves (worn)
 n - a +2 helmet (worn)
 s - a cursed +0 chain mail (worn)
 u - a +0 cloak (worn)
Jewellery
 q - a +3 ring of intelligence (left hand)
Scrolls
 b - 2 scrolls of teleportation
 e - a scroll of recharging {unknown}
 h - 2 scrolls of enchant armour
 t - 2 scrolls of blinking
Potions
 d - 5 potions of might
 i - 2 potions of brilliance
 k - 3 potions of flight
 o - a potion of agility {unknown}
 p - a potion of curing
Comestibles
 f - a bread ration
 m - 3 meat rations
 v - 2 fruits
 w - 3 royal jellies


   Skills:
 + Level 4.7 Fighting
 * Level 5.4 Long Blades
 + Level 4.7 Armour
 + Level 1.2 Dodging
 - Level 3.2 Shields


You had 4 spell levels left.
You didn't know any spells.

Dungeon Overview and Level Annotations

Branches:
Dungeon (4/15)
 Temple: D:4-7

Altars:


Innate Abilities, Weirdness & Mutations

Shadows flee at your approach. (+LOS)
You can swim through water.
You cover ground slowly.
You can hop short distances.


Message History

* * * LOW HITPOINT WARNING * * *
Press: ? - help, v - describe, . - travel, g - get item
Here: an orc wizard, wielding a dagger of electrocution and wearing a robe (heavily wounded)
An adder corpse.
A stone staircase leading up, spattered with blood.
Unknown command.
Unknown command.
Unknown command.
Unknown command.
Unknown command.
Unknown command.
Okay, then.
Unknown command.
Unknown command.
You fade into invisibility!
You feel sick.
You are no longer poisoned.
The orc wizard hits you but does no damage.
You are electrocuted!
You die...

### ..# . #.#
.. #.# ...
#.# o. #.# o.
#.# .####
#####.#.....#
#.@ooS..#
#.##oo..#
#####.##.)..#
#.....##....#
#.####......#
#<...##......
#######..####
...# ##[#


You could see an orc wizard, an adder and 3 orcs.

Vanquished Creatures
  Crazy Yiuf (D:2)
  An orc wizard (D:3)
  An iguana (D:3)
  Robin (D:2)
  5 adders
  An ooze (D:1)
  3 worms
  A dart slug (D:1)
  3 orcs
  3 giant cockroaches
  13 goblins
  9 hobgoblins
  A quokka (D:2)
  5 bats
  A frilled lizard (D:2)
  7 kobolds
  9 rats
65 creatures vanquished.

Notes
Turn   | Place    | Note
-------+----------+-------------------------------------------
     0 | D:1      | renl the Barachi Fighter began the quest for the Orb.
     0 | D:1      | Reached XP level 1. HP: 18/18 MP: 1/1
   107 | D:1      | Reached XP level 2. HP: 25/25 MP: 2/2
   391 | D:1      | Reached skill level 3 in Long Blades
   408 | D:1      | Reached XP level 3. HP: 30/30 MP: 3/3
   653 | D:2      | Noticed Robin
   666 | D:2      | Killed Robin
   816 | D:2      | Reached XP level 4. HP: 37/38 MP: 4/4
   832 | D:2      | Reached skill level 4 in Long Blades
  1229 | D:2      | Found a runed door.
  1238 | D:2      | Noticed Crazy Yiuf
  1290 | D:2      | Killed Crazy Yiuf
  1551 | D:3      | Reached XP level 5. HP: 43/43 MP: 5/5
  1736 | D:3      | Reached skill level 5 in Long Blades
  1889 | D:3      | Reached skill level 1 in Dodging
  2184 | D:4      | Mangled by an orc wizard

Skill      XL: |  1  2  3  4  5 |
---------------+----------------+-----
Fighting       | 4 |  4.7
Long Blades    | 3 4 5 |  5.4
Armour         | 4 |  4.7
Dodging        | 1 |  1.2
Shields        | |  3.2

Action                   |  1- 3 |  4- 6 || total
-------------------------+-------+-------++-------
Melee: Long sword        |    98 |   171 ||   269
  Use: Scroll            |       |     9 ||     9
       Potion            |       |     2 ||     2
  Eat: Chunk             |       |     5 ||     5
Armor: Scale mail        |    50 |    11 ||    61
       Chain mail        |       |    93 ||    93
       Skin              |       |    16 ||    16
Dodge: Dodged            |    42 |    36 ||    78
Block: Shield            |    66 |    81 ||   147
       Rpst.: Long sword |    17 |    10 ||    27
